 Dungeon Crawl Stone Soup version 0.29-a0-553-g81b289dbe5 (webtiles) character file.

Game seed: 17759447771793250874

47100 snarfax the Acrobat (level 14, -24/73 HPs)
             Began as a Felid Berserker on June 7, 2022.
             Was the Champion of Trog.
             Hit by a silver javelin thrown by a minotaur (29 damage)
             ... on level 6 of the Lair of Beasts.
             The game lasted 02:38:54 (26799 turns).

snarfax the Acrobat (Felid Berserker)              Turns: 26799, Time: 02:38:55

Health: -24/73     AC:  3    Str: 13    XL:     14   Next: 7%
Magic:  15/15      EV: 40    Int:  9    God:    Trog [******]
Gold:   2308       SH:  0    Dex: 20    Spells: 13/13 levels left
                                        Lives:  0   Deaths: 4

rFire   . . .      SeeInvis +     - Unarmed
rCold   + . .      Faith    .   (shield unavailable)
rNeg    . . .      Spirit   .   (body armour unavailable)
rPois   .          Reflect  .   (helmet unavailable)
rElec   .          Harm     .   (cloak unavailable)
rCorr   .          Rampage  .   (gloves unavailable)
Will    ++...                   (boots unavailable)
Stlth   ++++++....              i - amulet of regeneration
HPRegen 1.02/turn               q - +4 ring of slaying
MPRegen 0.14/turn               o - +4 ring of evasion

@: quick
A: very small, claws 1, fangs 3, see invisible, speed 1, shaggy fur 3, stealthy
paws, no weapons or thrown items, no armour, multi-lived
a: Renounce Religion, Berserk, Trog's Hand, Brothers in Arms


You were on level 6 of the Lair of Beasts.
You worshipped Trog.
Trog was exalted by your worship.
You visited 3 branches of the dungeon, and saw 21 of its levels.
You also visited: Sewer, Gauntlet and Volcano.

You collected 2308 gold pieces.

Inventory:

Jewellery
 h - a ring of flight
 i - an amulet of regeneration (around neck)
 o - a +4 ring of evasion (right paw)
 p - a ring of positive energy
 q - a +4 ring of slaying (left paw)
 t - an amulet of guardian spirit
 u - a +6 ring of intelligence
Wands
 g - a wand of mindburst (7)
 k - a wand of polymorph (15)
 r - a wand of charming (14)
 v - a wand of flame (36)
 x - a wand of paralysis (4)
 y - a wand of digging (3)
 A - a wand of acid (3)
Scrolls
 a - 3 scrolls of magic mapping
 b - 6 scrolls of fog
 f - 2 scrolls of teleportation
 z - a scroll of blinking
 D - 4 scrolls of identify
 E - 4 scrolls of fear
Potions
 c - a potion of might
 d - 7 potions of ambrosia
 e - a potion of cancellation
 j - 2 potions of magic
 l - 2 potions of berserk rage
 m - 7 potions of curing
 n - 4 potions of flight
 s - 2 potions of mutation
 w - 2 potions of haste
 B - 4 potions of heal wounds
Miscellaneous
 C - a lightning rod (4/4)
 F - a box of beasts


   Skills:
 - Level 15.0 Fighting
 + Level 21.4 Dodging
 - Level 16.0 Stealth
 - Level 13.0 Unarmed Combat


You had 13 spell levels left.
You didn't know any spells.
Your spell library was empty.

Dungeon Overview and Level Annotations

Branches:
Dungeon (13/15)            Temple (0/1) D:7            Lair (6/6) D:11
 Shoals (0/4) Lair:2       Spider (0/4) Lair:3        Slime (0/5) Lair:6
    Orc (2/2) D:10            Elf (0/3) Orc:2         Sewer (visited)
Volcano (visited)         Gauntlet (visited)
 Vaults: D:13-14

Altars:
Elyvilon
Hepliaklqana
Okawaru
Qazlal
Uskayaw
Beogh
Jiyva

Shops:
D:8 (   Orc:2 *:[(

Annotations:
D:4 Pikel


Innate Abilities, Weirdness & Mutations

You have sharp claws.
You have razor-sharp teeth.
You have supernaturally acute eyesight. (SInv)
You cover ground quickly. (Speed+)
Your thick and shaggy fur keeps you warm. (AC +3, rC+)
Your paws help you pounce on unaware monsters.
You are incapable of wielding weapons or throwing items.
You cannot wear armour.
You gain extra lives every three experience levels.


Message History

The five-headed hydra bites you.
The five-headed hydra completely misses you. x2
The five-headed hydra closely misses you.
You scratch the five-headed hydra. You claw the five-headed hydra!
You bite the five-headed hydra!
The five-headed hydra is severely wounded.
The five-headed hydra completely misses you. x4
The five-headed hydra misses you.
You scratch the five-headed hydra.
The five-headed hydra is almost dead.
You mangle the five-headed hydra!!
You kill the five-headed hydra!
Trog accepts your kill.
You scratch the minotaur but do no damage.
Your bite misses the minotaur.
A nearby fungus withers and dies.
The minotaur completely misses you. The minotaur misses you.
You scratch the minotaur but do no damage.
The minotaur completely misses you. x2
You mangle the minotaur!! You claw the minotaur.
You bite the minotaur, but do no damage.
The minotaur is moderately wounded.
The minotaur completely misses you.
The minotaur gores you but does no damage.
You scratch the minotaur but do no damage.
You bite the minotaur.
The minotaur is moderately wounded.
You closely miss the minotaur.
You claw the minotaur, but do no damage.
The minotaur is moderately wounded.
The minotaur hits you with a +0 dire flail!
The minotaur gores you!
You claw the minotaur! You bite the minotaur.
The minotaur is heavily wounded.
The minotaur hits you with a +0 dire flail!!!
Ouch! That really hurt!
* * * LOW HITPOINT WARNING * * *
The minotaur misses you.
The minotaur throws a silver javelin.
The silver javelin pierces through you!!
You die...

###......### #.##.#.#.#.#
##........## ## #### ###
#........P####P
#..####.####S..P...P.P#.#.
##........H.k..........##.
##.......###'''###..P.#..
##.......#......$#..#....
#P....#.@#.##..#.#.......
##.#.....#.#...#.#..#P#..
#.......###.#.#.#..###..
#####...# #...#.#...##..
#...##..:[.##.......
##...#HS#.#..#.#.....
#P...#########.......
#P.............#.....
#..#.#....#..P..###..


You could see a minotaur.

Vanquished Creatures
  Jorgrun (D:12)
  Kirke (D:12)
  2 orc warlords (Orc:2)
  Nessos (D:12)
  The ghost of jfcaron the Grappler, a journeyman VSCK of Xom (Lair:6)
  7 hydras
  2 boulder beetles
  A centaur warrior (D:13)
  3 two-headed ogres
  16 death yaks
  4 orc high priests (Orc:2)
  Nergalle (D:11)
  A salamander mystic (Volcano)
  A goliath frog (Lair:6)
  5 orc knights
  A wizard (Volcano)
  2 deep elf pyromancers
  4 orc sorcerers
  2 manticores
  A salamander (Volcano)
  2 cyclopes
  Joseph (D:9)
  7 black mambas
  19 cane toads
  7 elephants
  2 molten gargoyles (Volcano)
  Maggie (D:8)
  Psyche (D:10)
  2 rime drakes
  13 komodo dragons
  3 kobold demonologists (D:12)
  An efreet (Volcano)
  3 trolls
  3 polar bears (D:10)
  A queen bee (Lair:3)
  4 tyrant leeches (Lair:6)
  A wind drake (Lair:1)
  A hornet (D:8)
  26 blink frogs
  A centaur simulacrum (D:10)
  Sigmund (D:4)
  A shadow (D:11)
  3 basilisks (Lair:1)
  4 wyverns
  3 hogs (D:12)
  52 yaks
  3 fire elementals (D:13)
  8 vampire mosquitoes
  A warg (Orc:2)
  3 acid dragons
  12 water moccasins
  A swamp drake (Lair:4)
  5 black bears
  6 ice beasts
  28 orc warriors
  2 sky beasts (D:7)
  3 ogres
  8 wolves
  5 centaurs
  2 lemures (D:5)
  3 kobold brigands
  16 bullfrogs
  4 scorpions
  3 necrophages
  A gnoll sergeant (D:11)
  4 wights (D:9)
  28 killer bees
  3 electric eels
  3 howler monkeys (D:7)
  A gnoll shaman (D:6)
  4 hounds
  21 orc priests
  5 jellies
  12 iguanas
  35 orc wizards
  Ijyb (D:5)
  10 adders
  10 gnolls
  2 river rats (Sewer)
  A shadow imp (D:6)
  7 white imps
  4 ufetubi
  6 worms
  A dart slug (D:4)
  83 orcs
  9 ball pythons
  An endoplasm (D:4)
  7 giant cockroaches
  14 goblins
  7 hobgoblins
  4 jackals
  3 quokkas
  8 bats
  14 frilled lizards
  19 kobolds
  10 rats
671 creatures vanquished.

Vanquished Creatures (collateral kills)
  Sonja (Lair:1)
  Amaemon (D:10)
  A lindwurm (Lair:4)
  2 cyclopes (Volcano)
  2 salamanders (Volcano)
  An elephant (Lair:4)
  An orange demon (D:10)
  A troll (Orc:2)
  A centaur simulacrum (D:10)
  A shadow (D:10)
  A yak (D:10)
  A warg (Orc:2)
  An orc warrior (Orc:2)
  An electric eel (D:10)
  An orc priest (Orc:2)
  5 orcs (Orc:2)
22 creatures vanquished.

Vanquished Creatures (others)
  A cyclops (Volcano)
  A human (D:12)
  2 iguanas (Lair:4)
  4 frilled lizards (Lair:4)
  3 bushes (Lair:4)
  28 fungi
  134 plants
173 creatures vanquished.

Grand Total: 866 creatures vanquished

Notes
Turn   | Place    | Note
-------+----------+-------------------------------------------
     0 | D:1      | snarfax the Felid Berserker began the quest for the Orb.
     0 | D:1      | Reached XP level 1. HP: 10/10 MP: 2/2
   262 | D:1      | Found a faded altar of an unknown god.
   444 | D:1      | Reached XP level 2. HP: 14/14 MP: 3/3
   514 | D:1      | Reached skill level 1 in Stealth
  1064 | D:1      | Reached ** piety under Trog
  1316 | D:2      | Reached XP level 3. HP: 17/17 MP: 4/4
  1576 | D:2      | Reached skill level 5 in Dodging
  1641 | D:2      | Found a hide-covered altar of Uskayaw.
  1915 | D:3      | Reached XP level 4. HP: 21/21 MP: 5/5
  2720 | D:4      | Reached XP level 5. HP: 24/24 MP: 6/6
  2842 | D:4      | Noticed Sigmund
  2863 | D:4      | Killed Sigmund
  2864 | D:4      | Reached skill level 6 in Dodging
  2864 | D:4      | Reached skill level 5 in Stealth
  2864 | D:4      | Reached skill level 5 in Unarmed Combat
  2864 | D:4      | Gained mutation: You are covered in thick fur. (AC +2)
                  | [Felid growth]
  2864 | D:4      | Reached XP level 6. HP: 28/28 MP: 7/7
  2929 | D:4      | Reached *** piety under Trog
  3254 | D:4      | Reached XP level 7. HP: 31/31 MP: 8/8
  3323 | D:4      | Found an iron altar of Okawaru.
  3462 | D:5      | Entered Level 5 of the Dungeon
  3547 | D:5      | Noticed Pikel
  3761 | D:5      | Noticed Ijyb
  3782 | D:5      | Killed Ijyb
  3823 | D:5      | Found a glowing drain.
  3832 | Sewer    | Entered a sewer
  3952 | Sewer    | Reached skill level 5 in Fighting
  3979 | Sewer    | Found a glowing silver altar of Zin.
  4594 | D:5      | Reached XP level 8. HP: 37/37 MP: 9/9
  4992 | D:6      | Reached skill level 7 in Dodging
  5218 | D:6      | Reached **** piety under Trog
  5240 | D:6      | Reached skill level 8 in Dodging
  5240 | D:6      | Reached skill level 10 in Stealth
  5639 | D:6      | Reached skill level 9 in Dodging
  6154 | D:7      | Reached XP level 9. HP: 34/40 MP: 10/10
  6305 | D:7      | Found a stormy altar of Qazlal.
  6360 | D:7      | Reached skill level 10 in Dodging
  6555 | D:7      | Found a staircase to the Ecumenical Temple.
  6683 | D:8      | Noticed Maggie
  6686 | D:8      | Killed Maggie
  6733 | D:7      | Identified the +7 quarterstaff "Womemin" {vorpal, Str-2
                  | Int+3 Dex+5}
  6763 | D:8      | Found Budiapel's Antique Weapon Shoppe.
  7048 | D:8      | Noticed a two-headed ogre
  7057 | D:8      | Killed a two-headed ogre
  7058 | D:8      | Reached XP level 10. HP: 46/46 MP: 11/11
  7059 | D:8      | Found a white marble altar of Elyvilon.
  7138 | D:8      | Noticed a two-headed ogre
  7160 | D:8      | Killed a two-headed ogre
  7953 | D:9      | Noticed Joseph
  7956 | D:9      | Killed Joseph
  7957 | D:9      | Reached skill level 11 in Dodging
  8141 | D:9      | Reached ***** piety under Trog
  8324 | D:10     | Entered Level 10 of the Dungeon
  8353 | D:9      | Reached skill level 12 in Dodging
  8397 | D:10     | Reached skill level 13 in Dodging
  8667 | D:10     | Slain by a centaur warrior simulacrum
  8668 | D:10     | Reached XP level 9. HP: -2/44 MP: 10/10
  8710 | D:10     | Noticed a polar bear
  8714 | D:10     | Killed a polar bear
  8745 | D:10     | Noticed a troll
  8749 | D:10     | Reached XP level 10. HP: 48/48 MP: 11/11
  8751 | D:10     | Reached skill level 14 in Dodging
  8886 | D:10     | Identified the +0 plate armour "Teroci" {Will+ Regen+ SInv}
  8906 | D:10     | Noticed Psyche
  8934 | D:10     | Found a staircase to the Orcish Mines.
  8938 | D:10     | Killed Psyche
  9131 | D:10     | Noticed an orange demon
  9288 | D:10     | Found a hazy altar of Hepliaklqana.
  9476 | D:10     | Reached skill level 15 in Dodging
  9698 | D:10     | Killed an orange demon
  9738 | D:10     | Noticed Amaemon
  9756 | D:10     | Killed Amaemon
  9757 | D:10     | Reached XP level 11. HP: 54/54 MP: 12/12
  9852 | D:11     | Found a gate leading to a gauntlet.
  9862 | Gauntlet | Entered a Gauntlet
  9862 | Gauntlet | Noticed a fire crab
  9862 | Gauntlet | Found a transporter.
  9862 | Gauntlet | Found a transporter.
  9863 | Gauntlet | Found a transporter.
  9863 | Gauntlet | Found a transporter.
  9867 | Gauntlet | Found a transporter.
  9868 | Gauntlet | Found a transporter.
  9959 | Gauntlet | Found a transporter.
  9961 | Gauntlet | Found a transporter.
  9977 | Gauntlet | Found a transporter.
  9997 | Gauntlet | Noticed a death scarab
  9999 | Gauntlet | Found a transporter.
 10008 | Gauntlet | Noticed a death scarab
 10019 | Gauntlet | Found a transporter.
 10021 | Gauntlet | Found a transporter.
 10032 | Gauntlet | Noticed a sixfirhy
 10080 | Gauntlet | Reached skill level 10 in Fighting
 10094 | Gauntlet | Engulfed by an ice statue's freezing vapour
 10095 | Gauntlet | Reached XP level 10. HP: 1/51 MP: 11/11
 10149 | D:11     | Noticed Nergalle
 10154 | D:11     | Killed Nergalle
 10171 | D:11     | Noticed a four-headed hydra
 10181 | D:11     | Killed a four-headed hydra
 10195 | D:11     | Found a staircase to the Lair.
 10785 | Lair:1   | Entered Level 1 of the Lair of Beasts
 10872 | Lair:1   | Noticed a cane toad
 10878 | Lair:1   | Killed a cane toad
 10915 | Lair:1   | Noticed a black mamba
 11064 | Lair:1   | Reached XP level 11. HP: 57/57 MP: 12/12
 11413 | Lair:1   | Noticed a six-headed hydra
 11419 | Lair:1   | Killed a six-headed hydra
 11757 | Lair:2   | Found a staircase to the Shoals.
 11799 | Lair:2   | Noticed a five-headed hydra
 11903 | Lair:2   | Noticed Sonja
 12165 | Lair:1   | Killed a five-headed hydra
 12246 | Lair:1   | HP: 2/58 [Sonja/+1 short sword of distortion (3)]
 12246 | Lair:1   | Slain by Sonja
 12247 | Lair:1   | Reached XP level 10. HP: -4/55 MP: 11/11
 12290 | Lair:1   | Killed Sonja
 12520 | Lair:2   | Noticed a six-headed hydra
 12577 | Lair:1   | Killed a six-headed hydra
 12847 | Lair:2   | Reached XP level 11. HP: 58/58 MP: 12/12
 12864 | Lair:2   | Reached skill level 10 in Unarmed Combat
 13903 | Lair:3   | Found a hole to the Spider Nest.
 14494 | Lair:3   | Gained mutation: Your thick and shaggy fur keeps you warm.
                  | (AC +3, rC+) [Felid growth]
 14494 | Lair:3   | Reached XP level 12. HP: 64/64 MP: 13/13
 15305 | Lair:4   | Found a dark tunnel.
 15314 | Volcano  | Entered a volcano
 15382 | Volcano  | Reached skill level 15 in Fighting
 15671 | Volcano  | Reached skill level 15 in Stealth
 16044 | Volcano  | Noticed an orb of fire
 16190 | Volcano  | Noticed an orb of fire
 16209 | Volcano  | Identified the +2 scale mail of Henotheism {rN++ Int+3}
 16392 | Lair:4   | Noticed a death yak
 16392 | Lair:4   | Noticed a death yak
 16513 | Lair:4   | Noticed a death yak
 16514 | Lair:4   | Noticed a death yak
 16515 | Lair:4   | Noticed a death yak
 16522 | Lair:4   | Noticed a death yak
 16523 | Lair:4   | Noticed a death yak
 16524 | Lair:4   | Noticed a death yak
 16525 | Lair:4   | Noticed a death yak
 16525 | Lair:4   | Noticed a death yak
 16527 | Lair:4   | Noticed a death yak
 16848 | Lair:3   | Killed a death yak
 17014 | Lair:3   | Killed a death yak
 17177 | Lair:3   | Killed a death yak
 17326 | Lair:2   | Killed a death yak
 17327 | Lair:2   | Reached skill level 16 in Dodging
 17384 | Lair:3   | Killed a death yak
 17385 | Lair:3   | Reached XP level 13. HP: 69/69 MP: 14/14
 18278 | Lair:3   | Reached skill level 17 in Dodging
 19504 | Lair:5   | Reached skill level 18 in Dodging
 19715 | Lair:5   | You fall into a shaft and drop 1 floor!
 19715 | Lair:6   | Entered Level 6 of the Lair of Beasts
 20439 | Lair:5   | Reached skill level 19 in Dodging
 21187 | Orc:1    | Entered Level 1 of the Orcish Mines
 21655 | Orc:2    | Entered Level 2 of the Orcish Mines
 21872 | Orc:2    | Reached ****** piety under Trog
 21927 | Orc:2    | Noticed an orc warlord
 21942 | Orc:2    | Killed an orc warlord
 21960 | Orc:1    | Reached skill level 20 in Dodging
 22074 | Orc:2    | Reached XP level 14. HP: 73/73 MP: 15/15
 22225 | Orc:2    | Noticed an orc warlord
 22244 | Orc:2    | Killed an orc warlord
 22253 | Orc:2    | Found Luyhec's CLEARANCE SALE!.
 22283 | Orc:2    | Found a staircase to the Elven Halls.
 23384 | Orc:2    | Found Aklyime's Antique Armour Shop.
 23385 | Orc:2    | Found Qibinas's Antique Weapon Shop.
 23388 | Orc:2    | Found Merok's General Store.
 23388 | Orc:2    | Found Sasaet's Book Boutique.
 24545 | D:12     | Noticed Nessos
 24550 | D:12     | Killed Nessos
 24574 | D:12     | Noticed Jorgrun
 24662 | D:12     | Noticed Kirke
 24681 | D:12     | Killed Kirke
 25082 | D:12     | Killed Jorgrun
 25364 | D:13     | Noticed Azrael
 25642 | D:13     | Shot with an arrow by a centaur warrior
 25643 | D:13     | Reached XP level 13. HP: -2/69 MP: 14/14
 26221 | Lair:6   | Noticed jfcaron's ghost (journeyman VSCK)
 26223 | Lair:6   | Noticed a minotaur
 26242 | Lair:6   | Found a runed translucent gate.
 26242 | Lair:6   | Found a runed translucent gate.
 26243 | Lair:6   | Found a runed translucent gate.
 26332 | Lair:6   | Reached skill level 21 in Dodging
 26371 | Lair:6   | Found a viscous altar of Jiyva.
 26371 | Lair:6   | Found a staircase to the Slime Pits.
 26487 | Lair:6   | Reached XP level 14. HP: 50/73 MP: 15/15
 26784 | Lair:6   | Killed jfcaron's ghost
 26796 | Lair:6   | HP: 3/73 [minotaur/+0 dire flail (39)]
 26799 | Lair:6   | Hit by a silver javelin thrown by a minotaur

Illustrated notes

Levels and vault maps discovered:
D:1:      heliophobic_arrival_dark_side_of_the_moon, layout_basic,
          hellmonk_ecumenical_altar_blasted, chequers_decorated_corner
D:2:      layout_rooms, basic_altar, st_stairs_2, chequers_serial_rivers_micro_c
D:3:      layout_basic, serial_bayou, serial_bayou_lagoon_a,
          serial_bayou_pond_d, serial_bayou_shore_a, serial_bayou_shore_b
D:4:      layout_loops_ring, marbit_many_paths, uniq_sigmund
D:5:      layout_loops_corners, cheibrodos_sewer_entry_bend, corner_web_ring,
          uniq_ijyb, uniq_pikel
D:6:      layout_cave_pods
D:7:      layout_rooms, mainiacjoe_overflow_alcove_2, temple_hall
D:8:      layout_basic, elyvilon_altar_5, serial_shops, nicolae_take_the_stairs,
          uniq_maggie
D:9:      layout_loops_ring, uniq_joseph
D:10:     minmay_flawed_box, layout_layer_cave, lemuel_crystal_altar,
          david_orc_2, serial_ice, serial_ice_c, serial_ice_k, serial_ice_n,
          serial_ice_f, serial_ice_m, serial_ice_o, serial_ice_d, serial_ice_b,
          serial_ice_h, serial_ice_e, corexii_checkpoint_a, uniq_psyche,
          uniq_amaemon
D:11:     layout_rooms, david_lair_shrubbed, gauntlet_entry_generic,
          uniq_nergalle
D:12:     layout_basic, uniq_nessos, uniq_kirke, uniq_jorgrun
D:13:     layout_loops_cross, serial_shops, nicolae_shop_hallway_plus,
          minmay_ruined_shrine, uniq_azrael
Lair:1:   layout_gridlike
Lair:2:   layout_hall_layers, minmay_shoals_entry_beasts, st_stairs_13,
          lemuel_fruit_fields, uniq_sonja
Lair:3:   layout_roguey [special_room_bee], nicolae_spider_entry_non_spiders,
          grunt_megastairs_5
Lair:4:   lemuel_reptile_caves, layout_small_grid,
          nicolae_volcano_entry_vermiform, nicolae_lair_grazing_beasts
          [nicolae_sub_lair_graze_edge, nicolae_sub_lair_graze_edge,
          nicolae_sub_lair_graze_edge, nicolae_sub_lair_graze_edge]
Lair:5:   layout_gridlike, serial_bayou_pond_a
Lair:6:   minmay_lair_end_frog_pond, layout_misc_corridors,
          dpeg_slime_entry_enclosed_altar, maelrawn_ghost_gauntlet_escape
Orc:1:    layout_diamond_mine, basic_altar, dreamdust_deal_with_the_devil
Orc:2:    st_orc_congregation, layout_diamond_mine, nicolae_shop_clearance

Skill      XL: |  1  2  3  4  5  6  7  8  9 10 11 12 13 14 |
---------------+-------------------------------------------+-----
Stealth        | 1 2 3 5 6 8 10 12 13 16 | 16.0
Dodging        | 5 6 9 10 15 16 21 | 21.4
Unarmed Combat | 4 5 6 8 10 13 12 | 13.0
Fighting       | 5 6 12 14 15 | 15.0

Action                   |  1- 3 |  4- 6 |  7- 9 | 10-12 | 13-15 || total
-------------------------+-------+-------+-------+-------+-------++-------
Melee: Unarmed           |    97 |   153 |   343 |   986 |  1159 ||  2738
       Bite              |    10 |    15 |    34 |   178 |   180 ||   417
       Punch             |     4 |     1 |    19 |    71 |   110 ||   205
Invok: Trog's Hand       |       |     4 |     4 |    12 |     8 ||    28
       Brothers in Arms  |       |       |       |     8 |     2 ||    10
Evoke: Wand              |       |       |       |     4 |       ||     4
  Use: Scroll            |     4 |     3 |     3 |    12 |     4 ||    26
       Potion            |       |     2 |       |     5 |     3 ||    10
 Stab: Sleeping          |     7 |     3 |    20 |    32 |    21 ||    83
       Distracted        |       |     1 |       |     2 |    12 ||    15
Armor: Skin              |     2 |     2 |    18 |    18 |    20 ||    60
Dodge: Dodged            |    58 |   101 |   266 |  1087 |  1034 ||  2546

Table legend: (Time is in decaauts)
 A = Elapsed time spent in this place.
 B = Non-inter-level travel time spent in this place.
 C = Inter-level travel time spent in this place.
 D = Time resting spent in this place.
 E = Time spent auto-exploring this place.
 F = Levels seen in this place.
 G = Mean time per level.
                   A        B        C        D        E       F      G
               +--------+--------+--------+--------+--------+-----+--------+
         Total |  22779 |  22390 |    389 |   3025 |   8290 |  24 |  949.1 |
       Dungeon |  10167 |   9962 |    205 |    751 |   5214 |  13 |  782.1 |
          Lair |   8901 |   8719 |    182 |   1607 |   2404 |   6 | 1483.5 |
  Orcish Mines |   2439 |   2439 |      0 |    371 |    598 |   2 | 1219.5 |
         Sewer |    199 |    199 |      0 |      0 |     68 |   1 |  199.0 |
       Volcano |    845 |    845 |      0 |    295 |      5 |   1 |  845.0 |
      Gauntlet |    227 |    227 |      0 |      0 |      0 |   1 |  227.0 |
               +--------+--------+--------+--------+--------+-----+--------+

Top non-repeatable levels by time:
  Lair:3: 2125 daAuts
  Lair:4: 1942 daAuts
  Lair:1: 1753 daAuts
    D:10: 1500 daAuts
   Orc:2: 1496 daAuts
  Lair:5: 1191 daAuts
     D:1: 1181 daAuts
  Lair:2: 1083 daAuts
     D:5: 1008 daAuts
   Orc:1: 942 daAuts
     D:6: 868 daAuts
 Volcano: 845 daAuts
  Lair:6: 804 daAuts
     D:4: 783 daAuts
     D:9: 763 daAuts
